 Dungeon Crawl Stone Soup version 0.31-a0-180-g519b7de00c (webtiles) character file.

Game seed: 4343412161446392662

205 qw the Chopper (level 5, 0/33 HPs)
             Began as a Gargoyle Fighter on June 19, 2023.
             Slain by a black bear (9 damage)
             ... on level 4 of the Dungeon.
             The game lasted 00:01:20 (2469 turns).

qw the Chopper (Gargoyle Fighter)                   Turns: 2469, Time: 00:01:20

Health: 0/33       AC: 10    Str: 22    XL:     5   Next: 83%
Magic:  5/5        EV:  9    Int:  8    God:
Gold:   188        SH:  4    Dex:  9    Spells: 4/4 levels left

rFire   . . .        Y - +0 war axe
rCold   . . .        c - +0 buckler
rNeg    + . .        b - +0 scale mail
rPois   inf          (no helmet)
rElec   +            (no cloak)
rCorr   .            (no gloves)
SInv    .            (no boots)
Will    +....        (no amulet) Stlth
                     m - ring of willpower
HPRegen 0.25/turn    (no ring)
MPRegen 0.09/turn

%: no passive effects
@: no status effects
A: sickness immunity, AC +4, negative energy resistance 1, electricity
resistance, torment resistance 1, petrification resistance
a: no special abilities


You were on level 4 of the Dungeon.
You visited 1 branch of the dungeon, and saw 4 of its levels.

You collected 188 gold pieces.


Innate Abilities, Weirdness & Mutations

You are immune to sickness and miasma.
Your stone body is resilient. (AC +4)
You are immune to poison.
You resist negative energy. (rN+)
You are resistant to electric shocks. (rElec)
You are resistant to unholy torment.
You are immune to petrification.


   Skills:
 - Level 4.0 Fighting
 - Level 5.0 Axes
 - Level 3.2 Armour
 + Level 0.1 Dodging
 - Level 3.2 Shields


You had 4 spell levels left.
You didn't know any spells.
Your spell library was empty.

Inventory:

Hand Weapons
 f - a +0 flail
 Y - a +0 war axe (weapon)
Armour
 b - a +0 scale mail (worn)
 c - a +0 buckler (worn)
 g - a +0 chain mail
 i - a +0 pair of boots
Jewellery
 m - a ring of willpower (left hand)
Scrolls
 a - a scroll of identify
Potions
 d - a potion of might
 e - 2 potions of haste
 h - a potion of lignification
 j - 2 potions of heal wounds

Dungeon Overview and Level Annotations

Branches:
Dungeon (4/15)
 Temple: D:4-7

Altars:
Elyvilon

Shops:
D:2 [


Message History

The ufetubus hits you but does no damage.
The ufetubus barely misses you.
You barely miss the ufetubus.
The ufetubus is moderately wounded.
You hit the black bear. You slash the orc!
You kill the orc!
The ufetubus hits you but does no damage. x2
The black bear bites you. You block the black bear's attack. x2
The ufetubus closely misses you. x2
The black bear bites you but does no damage.
The black bear barely misses you.
The black bear claws you but does no damage.
You miss the ufetubus.
The ufetubus is moderately wounded.
You closely miss the black bear.
The ufetubus closely misses you. x2; The ufetubus hits you.
The ufetubus barely misses you. The black bear closely misses you.
The black bear barely misses you.
The black bear claws you but does no damage.
You barely miss the ufetubus.
The ufetubus is moderately wounded.
You slash the black bear!
The ufetubus hits you but does no damage. x2
The black bear bites you.
The black bear claws you but does no damage. x2
The ufetubus barely misses you.
The ufetubus hits you but does no damage.
You slash the black bear!
The black bear is almost dead.
You miss the ufetubus. You block the ufetubus's attack.
The ufetubus hits you but does no damage.
The black bear goes berserk!
The ufetubus hits you but does no damage.
The ufetubus closely misses you.
You hit the black bear.
The black bear is almost dead.
You barely miss the ufetubus. The black bear bites you!
You die...

######## ### #...5..##..
#.## #..@h......
#..###########...)..####
..... ..............#
#.#.########........#
#.#..[.......#......#
..#[))######........#
).....######.########
<........b.....##
#....##..#####..######


You could see a black bear (berserk) and an ufetubus.

Vanquished Creatures
  A hound (D:4)
  An orc wizard (D:3)
  3 gnolls (D:4)
  4 adders
  3 dart slugs
  12 orcs
  5 ball pythons
  4 bats
  5 endoplasms
  8 goblins
  5 hobgoblins
  3 quokkas
  5 frilled lizards
  4 kobolds
  4 rats
67 creatures vanquished.

Notes
Turn   | Place    | Note
-------+----------+-------------------------------------------
     0 | D:1      | qw the Gargoyle Fighter began the quest for the Orb.
     0 | D:1      | Reached XP level 1. HP: 14/14 MP: 1/1
     0 | D:1      | 0 ||| qw: Version: 0.3-a-7-ge0c9b40
     0 | D:1      | 0 ||| qw: Game counter: 953
     0 | D:1      | 0 ||| qw: Always use a shield: true
     0 | D:1      | 0 ||| qw: God list: Okawaru
     0 | D:1      | 0 ||| qw: Allow faded altars: false
     0 | D:1      | 0 ||| qw: Do Orc after D:15 true
     0 | D:1      | 0 ||| qw: Do second Lair branch before Depths: true
     0 | D:1      | 0 ||| qw: Lair rune preference: random
     0 | D:1      | 0 ||| qw: Plans: Normal, Zot:1-4, Slime:5, God:TSO, Crypt,
                  | Tomb, Abyss, Pan, Hells, Win
     0 | D:1      | 0 ||| PLANNING D:1-11
    15 | D:1      | 15 ||| Stepping ~*~*~tactically~*~*~ (hiding).
    32 | D:1      | Reached skill level 2 in Axes
   151 | D:1      | You fall into a shaft and drop 1 floor!
   170 | D:2      | Reached XP level 2. HP: 19/19 MP: 2/2
   283 | D:2      | Reached skill level 3 in Axes
   298 | D:2      | Found Zobeotui's Armour Boutique.
   306 | D:2      | 306 ||| SHOPLISTING +0 pair of gloves (45 gold, have 12).
   306 | D:2      | 306 ||| SHOPLISTING +1 ring mail "Dudgh" {Harm rPois rF+
                  | Str+2} (314 gold, have 12).
   306 | D:2      | 306 ||| SHOPLISTING +2 fire dragon scales (720 gold, have
                  | 12).
   306 | D:2      | 306 ||| SHOPLISTING +2 plate armour of poison resistance
                  | (370 gold, have 12).
   391 | D:2      | 391 ||| READING scroll labelled HEFEASHIGO.
   392 | D:2      | 392 ||| READING scroll labelled PASOTT DIKIUH.
   473 | D:1      | Reached XP level 3. HP: 13/23 MP: 3/3
   561 | D:1      | 561 ||| DROPPING +0 club.
   888 | D:2      | 888 ||| DROPPING +0 whip.
  1219 | D:2      | 1219 ||| DROPPING ring of flight.
  1220 | D:2      | 1220 ||| READING 3 scrolls of identify.
  1220 | D:2      | 1220 ||| IDENTIFYING golden potion
  1221 | D:2      | 1221 ||| READING 2 scrolls of identify.
  1221 | D:2      | 1221 ||| IDENTIFYING viscous puce potion
  1425 | D:3      | Reached XP level 4. HP: 25/28 MP: 4/4
  1446 | D:3      | 1446 ||| DRINKING potion of curing.
  1446 | D:3      | 1446 ||| (to cure confusion)
  1461 | D:3      | 1461 ||| Stepping ~*~*~tactically~*~*~ (stealth).
  1470 | D:3      | Reached skill level 4 in Axes
  1595 | D:3      | Found a faded altar of an unknown god.
  2008 | D:3      | 2008 ||| DROPPING ring of wizardry.
  2009 | D:3      | 2009 ||| UPGRADING to ring of willpower.
  2010 | D:3      | 2010 ||| READING scroll labelled SIGRIA YLATUI.
  2011 | D:3      | 2011 ||| READING scroll labelled LOIGAM HOMIODD.
  2012 | D:3      | 2012 ||| READING scroll labelled OGHUNKETRY.
  2013 | D:3      | 2013 ||| READING scroll labelled ACEOSCH RIVEPO.
  2114 | D:3      | 2114 ||| READING scroll labelled NUNOIXEF FURYO.
  2115 | D:3      | 2115 ||| READING 3 scrolls of identify.
  2115 | D:3      | 2115 ||| IDENTIFYING smoky red potion
  2116 | D:3      | 2116 ||| READING 2 scrolls of identify.
  2116 | D:3      | 2116 ||| IDENTIFYING bubbling red potion
  2144 | D:4      | 2144 ||| Stepping ~*~*~tactically~*~*~ (stealth).
  2151 | D:4      | 2151 ||| Stepping ~*~*~tactically~*~*~ (stealth).
  2160 | D:4      | Reached XP level 5. HP: 32/32 MP: 5/5
  2160 | D:4      | 2160 ||| Stepping ~*~*~tactically~*~*~ (stealth).
  2161 | D:4      | 2161 ||| Stepping ~*~*~tactically~*~*~ (stealth).
  2188 | D:4      | 2188 ||| Stepping ~*~*~tactically~*~*~ (stealth).
  2193 | D:4      | 2193 ||| FLEEEEING.
  2197 | D:4      | 2197 ||| STAIRDANCE
  2281 | D:4      | Reached skill level 5 in Axes
  2319 | D:4      | Found a white marble altar of Elyvilon.
  2453 | D:4      | Noticed a black bear
  2469 | D:4      | Slain by a black bear

Levels and vault maps discovered:
D:1:      dpeg_arrival_tiny_i, layout_rooms
D:2:      layout_loops_ring, serial_shops, shop
D:3:      layout_basic, shapermc_ecumenical_altar_rom_forum, serial_forest,
          infiniplex_forest_end_3, infiniplex_forest_clump_tiny,
          infiniplex_forest_lined_ring, infiniplex_forest_corner_2,
          infiniplex_forest_clump_medium
D:4:      layout_rooms, nicolae_elyvilon_peaceful_grove,
          gammafunk_ghost_necromancy

Skill      XL: |  1  2  3  4  5 |
---------------+----------------+-----
Axes           | 2 3 4 5 |  5.0
Fighting       | 4 |  4.0
Armour         | |  3.2
Dodging        | |  0.1
Shields        | |  3.2

Action                     |  1- 3 |  4- 6 || total
---------------------------+-------+-------++-------
  Melee: War axe           |   108 |   109 ||   217
    Use: Scroll            |     4 |     7 ||    11
         Potion            |       |     1 ||     1
 Armour: Scale mail        |    56 |    77 ||   133
  Dodge: Dodged            |    41 |    59 ||   100
  Block: Buckler           |    18 |    29 ||    47

Table legend:
 A = Non-vault XP
 B = Vault XP
 C = Vault XP percentage of total XP
 D = Non-vault monster count
 E = Vault monster count
 F = Vault count percentage of total count
                 A         B        C        D         E       F
            +---------+---------+-------+---------+---------+-------
      Total |     293 |       0 |   0.0 |      67 |       0 |   0.0
            +---------+---------+-------+---------+---------+-------
        D:1 |      38 |       0 |   0.0 |      22 |       0 |   0.0
        D:2 |      25 |       0 |   0.0 |       8 |       0 |   0.0
        D:3 |      84 |       0 |   0.0 |      14 |       0 |   0.0
        D:4 |     146 |       0 |   0.0 |      23 |       0 |   0.0
            +---------+---------+-------+---------+---------+-------
